 Dungeon Crawl Stone Soup version 0.27-a0-1189-gb8eb6cee8e (webtiles) character file.

Game seed: 15533991130258415263

27 Froggeryz the Slasher (level 3, -1/30 HPs)
             Began as a Ghoul Wanderer on May 23, 2021.
             Slain by an adder (3 damage)
             ... on level 1 of the Dungeon.
             The game lasted 00:01:07 (1109 turns).

Froggeryz the Slasher (Ghoul Wanderer)              Turns: 1109, Time: 00:01:08

Health: -1/30      AC:  2    Str: 18    XL:     3   Next: 10%
Magic:  2/2        EV: 11    Int:  5    God:
Gold:   16         SH:  0    Dex:  8    Spells: 1/2 levels left

rFire    . . .     SeeInvis .   a - +0 falchion
rCold    + . .     Faith    .   (no shield)
rNeg     + + +     Spirit   .   d - +0 robe
rPois    ∞         Reflect  .   c - +0 hat
rElec    .         Harm     .   (no cloak)
rCorr    .         Rampage  .   (no gloves)
Will     .....                  (no boots)
Stlth    +.........             (no amulet)
HPRegen  0.00/turn              (no ring)
MPRegen  0.08/turn              (no ring)

@: no status effects
A: claws 1, cold resistance 1, negative energy resistance 3, inhibited
regeneration, torment resistance 2
a: no special abilities


You were on level 1 of the Dungeon.
You visited 1 branch of the dungeon, and saw 2 of its levels.

You collected 16 gold pieces.

Inventory:

Hand Weapons
 a - a +0 falchion (weapon)
Armour
 c - a +0 hat (worn)
 d - a +0 robe (worn)
Scrolls
 b - a scroll of teleportation
 f - a scroll of immolation {unknown}
Potions
 e - a potion of curing {unknown}
 g - a potion of mutation {unknown}


   Skills:
 + Level 2.3 Fighting
 - Level 3.6 Long Blades
 - Level 1.0 Armour
 - Level 1.1 Stealth
 + Level 1.2 Unarmed Combat
 - Level 1.0 Air Magic
 - Level 2.1 Earth Magic
 - Level 1.0 Evocations


You had one spell level left.
You knew the following spells:

 Your Spells              Type           Power      Damage    Failure   Level
a - Shock                 Conj/Air       0%         1d3       41%         1

Your spell library contained the following spells:

 Spells                   Type           Power      Damage    Failure   Level
 Magic Dart               Conj           0%         1d3       47%         1
 Static Discharge         Conj/Air       0%         N/A       54%         2
 Searing Ray              Conj           0%         3d3       63%         2
 Swiftness                Air            1%         N/A       71%         3
 Dazzling Flash           Conj/Hex       0%         N/A       85%         3
 Airstrike                Air            0%         N/A       98%         4
 Fulminant Prism          Conj/Hex       0%         3d6       99%         4
 Iskenderun's Mystic Bla  Conj/Tloc      0%         2d3       99%         4
 Lightning Bolt           Conj/Air       0%         1d11      100%        5


Dungeon Overview and Level Annotations

Branches:
Dungeon (2/15)

Altars:

Shops:
D:2 =

Annotations:
D:2 Terence


Innate Abilities, Weirdness & Mutations

You thrive by killing the living.
You are immune to poison.
You have sharp fingernails.
Your flesh is cold resistant. (rC+)
You are immune to negative energy. (rN+++)
You do not regenerate when monsters are visible.
You are immune to unholy pain and torment.


Message History

Terence says, "Rest in peace."
The adder bites you.
Found Som Vadgh's Jewellery Shoppe.
The adder bites you.
Found a leather armour.
The adder bites you but does no damage. The adder misses you.
Found an escape hatch in the ceiling.
The adder closely misses you. The adder bites you.
There is an escape hatch in the ceiling here.
The adder bites you. A mysterious force pulls you upwards.
The hatch slams shut behind you.
You hit the adder but do no damage. The adder bites you.
* * * LOW HITPOINT WARNING * * *
The adder bites you.
* * * LOW HITPOINT WARNING * * *
You closely miss the adder. The adder closely misses you.
You hit the adder but do no damage. The adder closely misses you.
You riposte.
You barely miss the adder. You hit the adder.
The adder is moderately wounded.
The adder bites you.
* * * LOW HITPOINT WARNING * * *
The adder bites you.
* * * LOW HITPOINT WARNING * * *
You hit the adder.
The adder is heavily wounded.
The adder barely misses you.
You riposte.
You hit the adder.
The adder is almost dead.
The adder bites you.
* * * LOW HITPOINT WARNING * * *
Okay, then.
You barely miss the adder.
The adder is almost dead.
The adder barely misses you.
You closely miss the adder.
The adder is almost dead.
The adder bites you.
You die...

#..# #...♣♣♣♣♣♣.♣♣.#.
#..#####..♣♣♣.†.♣.♣.♣..
#.........♣♣..♣♣.♣♣....
#.###...#.♣♣♣..♣♣♣♣♣.#. #.#
#.....♣♣♣♣.♣♣♣♣♣... #.#
#...##♣.♣...♣♣.♣.#. #.#
##.###.♣._♣♣♣♣...#.
#####.####>###♣♣♣♣♣♣♣♣♣.##.
#######........S@...♣♣♣♣..♣.♣.##.
#...........####.#............##.
#.###.##########.###.###.##.#####
#.# #.# #.......###.# #....#####
#.# #.# #.#######...###.........
#.###.# ##.#######.####)....#####
#...#.# #....................#
###.#.###..#######.####.....##
#.#......# #.# ##...##


You could see an adder.

Vanquished Creatures
  A dart slug (D:1)
  3 ball pythons (D:1)
  2 endoplasms (D:1)
  5 goblins (D:1)
  4 jackals (D:1)
  A quokka (D:1)
  2 bats (D:1)
  A frilled lizard (D:1)
  3 rats (D:1)
22 creatures vanquished.

Notes
Turn   | Place    | Note
-------+----------+-------------------------------------------
     0 | D:1      | Froggeryz the Ghoul Wanderer began the quest for the Orb.
     0 | D:1      | Froggeryz set off with the following items: a +0 falchion,
                  | a scroll of teleportation, a +0 robe; and the following
                  | spell memorised: Shock; and the following spells available
                  | to memorise: Static Discharge, Swiftness, Airstrike,
                  | Lightning Bolt
     0 | D:1      | Reached XP level 1. HP: 16/16 MP: 0/0
    47 | D:1      | Found a faded altar of an unknown god.
   167 | D:1      | Reached XP level 2. HP: 19/24 MP: 1/1
   276 | D:1      | Reached skill level 1 in Armour
   834 | D:1      | Reached skill level 1 in Unarmed Combat
   872 | D:1      | Reached XP level 3. HP: 29/29 MP: 2/2
  1059 | D:2      | Noticed Terence
  1084 | D:2      | Found Som Vadgh's Jewellery Shoppe.
  1109 | D:1      | Slain by an adder

Illustrated notes

Levels and vault maps discovered:
D:1:      ncdulo_watergridlock, layout_loops_ring,
          chequers_ecumenical_altar_grove
D:2:      layout_basic, serial_shops, shop, due_unseen_surprise, uniq_terence

Skill      XL: |  1  2 |
---------------+-------+-----
Armour         | 1 |  1.0
Fighting       | 2 |  2.3
Unarmed Combat | 1 |  1.2
Long Blades    | |  3.6
Stealth        | |  1.1
Air Magic      | |  1.0
Earth Magic    | |  2.1
Evocations     | |  1.0

Action                   || total
-------------------------++-------
Melee: Falchion          ||    72
Armor: Robe              ||     7
Dodge: Dodged            ||    57
       Rpst.: Falchion   ||    20

Table legend: (Time is in decaauts)
 A = Elapsed time spent in this place.
 B = Non-inter-level travel time spent in this place.
 C = Inter-level travel time spent in this place.
 D = Time resting spent in this place.
 E = Time spent auto-exploring this place.
 F = Levels seen in this place.
 G = Mean time per level.
                   A        B        C        D        E       F      G
               +--------+--------+--------+--------+--------+-----+--------+
         Total |   1119 |   1106 |     13 |      0 |    917 |   2 |  559.5 |
       Dungeon |   1119 |   1106 |     13 |      0 |    917 |   2 |  559.5 |
               +--------+--------+--------+--------+--------+-----+--------+

Top non-repeatable levels by time:
     D:1: 1073 daAuts
     D:2: 46 daAuts
